 Dungeon Crawl Stone Soup version 0.20.1-1-g8b1a95d (webtiles) character file.

131 Dawnplanks the Skirmisher (level 4, -5/37 HPs)
             Began as a Demonspawn Abyssal Knight on Nov 26, 2017.
             Was a Believer of Lugonu.
             Slain by a wight
             ... wielding a cursed +3 morningstar
              (12 damage)
             ... on level 3 of the Dungeon.
             The game lasted 00:23:54 (3879 turns).

Dawnplanks the Skirmisher (DsAK)                    Turns: 3879, Time: 00:23:55

Health: -5/37      AC:  3    Str: 12    XL:     4   Next: 91%
Magic:  6/6        EV: 11    Int: 13    God:    Lugonu [**....]
Gold:   140        SH:  0    Dex: 14    Spells: 3/3 levels left

rFire    x . .     SeeInvis .   g - +2 dagger (freeze)
rCold    + . .     Gourm    .   (no shield)
rNeg     . . .     Faith    .   b - +0 leather armour
rPois    .         Spirit   .   (no helmet)
rElec    .         Reflect  .   (no cloak)
rCorr    .         Harm     .   (no gloves)
MR       .....                  (no boots)
Stlth    +.........             (no amulet)
Regen    0.2/turn               t - ring of ice
MPRegen  0.1/turn               (no ring)

@: drained
A: demonic guardian 1, powered by death 1
a: Depart the Abyss, Bend Space, Renounce Religion


You were on level 3 of the Dungeon.
You worshipped Lugonu.
Lugonu was pleased with you.
You were hungry.

You visited 1 branch of the dungeon, and saw 3 of its levels.
You visited the Abyss 1 time.

You collected 140 gold pieces.

Inventory:

Hand Weapons
 a - a +1 hand axe
 g - a +2 dagger of freezing (weapon)
Missiles
 d - 31 stones (quivered)
 j - 27 poisoned needles
Armour
 b - a +0 leather armour (worn)
Jewellery
 t - a ring of ice (left hand)
Wands
 p - a wand of scattershot (5/9)
Scrolls
 h - 3 scrolls of amnesia
 k - 2 scrolls of recharging
 o - a scroll of magic mapping {unknown}
 s - a scroll of teleportation {unknown}
Potions
 e - a potion of flight {unknown}
 f - a potion of heal wounds
 i - 2 potions of brilliance
 l - 3 potions of curing {unknown}
 n - a potion of might
 r - a potion of haste {unknown}
Comestibles
 c - a bread ration
 m - 4 fruits
 q - a meat ration


   Skills:
 + Level 3.7(2.7) Fighting
 + Level 0.8(0.0) Short Blades
 + Level 2.6(1.6) Axes
 + Level 0.5(0.0) Throwing
 + Level 2.3(1.4) Armour
 + Level 1.8(0.9) Dodging
 + Level 0.8(0.0) Stealth
 + Level 3.0(2.1) Invocations


You had 3 spell levels left.
You didn't know any spells.

Dungeon Overview and Level Annotations

Branches:
Dungeon (3/15)

Altars:
Gozag


Innate Abilities, Weirdness & Mutations

A weak demonic guardian rushes to your aid.
You regenerate a little health from kills.


Message History

You swap places.
Your ufetubus barely misses the wight. x2
Your ufetubus barely misses the wight.
Your ufetubus hits the wight but does no damage.
The wight hits your ufetubus with a spear.
Your ufetubus hits the wight.
Your ufetubus hits the wight but does no damage.
The wight misses your ufetubus.
Your ufetubus hits the wight but does no damage.
Your ufetubus hits the wight.
d - 31 stones (gained 1)
Your iron imp disappears in a puff of smoke!
The wight completely misses your ufetubus.
Your ufetubus barely misses the wight.
Your ufetubus hits the wight but does no damage.
Your ufetubus barely misses the wight. x2
The wight hits your ufetubus with a spear!
Your ufetubus dies!
The wight barely misses you.
The wight hits you with an enchanted morningstar!
You die...

#.#......... ...
#.....o#######.###≈##
#......#.......#.#≈#.
##...........###.#≈#.
#...............#≈#.
#.....)####.###.#≈#. ######.#
... .#≈# ######.# ##.###≈##
#.5@...# #....(.. #...z..#
###.(#.. #......# #..#..
#...z..# #..### ###......#
#(.... #........# #.....
##.......########.....
##########.####..(..(.........
#.......<#.# #.##############


You could see 2 wights and a friendly quasit.

Vanquished Creatures
  An orc priest (D:3)
  A hound (D:2)
  An adder (D:2)
  An ooze (D:3)
  2 dart slugs
  4 leopard geckos
  3 orcs
  4 giant cockroaches
  7 goblins
  3 hobgoblins
  4 jackals (D:2)
  6 kobolds
  10 bats
  A frilled lizard (D:3)
  6 rats
54 creatures vanquished.

Vanquished Creatures (collateral kills)
  A kobold (D:3)
1 creature vanquished.

Grand Total: 55 creatures vanquished

Notes
Turn   | Place    | Note
-------+----------+-------------------------------------------
     0 | Abyss:1  | Dawnplanks the Demonspawn Abyssal Knight began the quest for the Orb.
     0 | Abyss:1  | Reached XP level 1. HP: 18/18 MP: 2/2
    82 | D:1      | Escaped the Abyss
   490 | D:1      | Reached skill level 1 in Dodging
   510 | D:1      | Gained mutation: You regenerate a little health from kills. [demonic ancestry]
   510 | D:1      | Reached XP level 2. HP: 24/24 MP: 4/4
  1616 | D:2      | Reached ** piety under Lugonu
  1616 | D:2      | Reached XP level 3. HP: 29/29 MP: 5/5
  1636 | D:2      | Found an opulent altar of Gozag.
  2449 | D:2      | Gained mutation: A weak demonic guardian rushes to your aid. [demonic ancestry]
  2449 | D:2      | Reached XP level 4. HP: 6/36 MP: 6/6
  3372 | D:2      | HP: 1/37 [orc/mace (7)]
  3879 | D:3      | Slain by a wight

Skill      XL: |  1  2 |
---------------+-------+-----
Dodging        | 1 |  1.8
Axes           | 2 |  2.6
Invocations    | 3 |  3.0
Armour         | 2 |  2.3
Fighting       | |  3.7
Short Blades   | |  0.8
Throwing       | |  0.5
Stealth        | |  0.8

Action                   |  1- 3 |  4- 6 || total
-------------------------+-------+-------++-------
Melee: Hand axe          |   112 |       ||   112
       Dagger            |    51 |    59 ||   110
Throw: Stone             |    10 |    21 ||    31
  Use: Scroll            |     5 |       ||     5
 Stab: Sleeping          |     1 |     1 ||     2
  Eat: Chunk             |     5 |     1 ||     6
       Fruit             |       |     3 ||     3
Armor: Leather armour    |    61 |    10 ||    71
Dodge: Dodged            |   117 |    23 ||   140
